Map: Moonlight Madness LE (Void)

Players

qxc - Winner!

  • Race: Terran Terran
  • League: Master

RepMeaSt (Semper)

  • Race: Terran Terran
  • League: Master

Event: Lycan League Weekly August #2

VOD

Have the link to the VOD?

Description

Time

  • Played on: Aug. 10, 2015, 3:02 p.m.
  • Length: 9:18

All games in this series

Show
View Real Time Build Order
Export as new Build Order

qxc Terran - Winner!

Build Orders: Reaper Expand, Bio Tank, MMM Bio 

Get SALT Encoding   

  12  0:00  SCV  
  13  0:13  SCV  
  14  0:18  Supply Depot  
  14  0:25  SCV  
  15  0:32  Refinery  
  15  0:39  SCV  
  16  0:44  Barracks  
  16  0:51  SCV  
  17  1:03  SCV  
  18  1:15  SCV  
  19  1:31  Orbital Command  
  19  1:32  Reaper  
  20  1:47  Command Center  
  20  1:57  SCV  
  20  1:58  Supply Depot  
  21  2:04  Reaper  
  22  2:11  Factory  
  22  2:13  SCV  
  23  2:25  SCV  
  24  2:36  Marine  
  24  2:37  SCV  
  25  2:49  SCV  
  26  2:56  Marine  
  27  3:00  Hellion, Starport  
  27  3:01  SCV  
  30  3:11  Orbital Command  
  29  3:13  SCV  
  29  3:14  Marine  
  29  3:15  Supply Depot  
  31  3:21  Hellion  
  31  3:26  SCV  
  34  3:32  Marine  
  35  3:35  Refinery  
  35  3:36  Medivac  
  35  3:38  SCV x2  
  39  3:43  Hellion  
  41  3:50  SCV x2  
  41  3:55  Marine  
  44  4:02  SCV  
  45  4:04  SCV  
  45  4:06  Viking  
  48  4:14  SCV, Marine  
  48  4:15  Factory Tech Lab  
  48  4:16  SCV  
  51  4:18  Refinery  
  51  4:20  Refinery  
  51  4:26  SCV  
  51  4:27  Barracks  
  51  4:28  SCV, Barracks  
  53  4:37  Supply Depot, Barracks Tech Lab  
  53  4:38  SCV, Supply Depot, Starport Reactor  
  54  4:55  SCV x2  
  54  4:59  Siege Tank  
  57  5:07  SCV x2  
  59  5:15  Marine  
  59  5:16  Stimpack  
  59  5:17  Barracks Reactor  
  59  5:19  Barracks Reactor, SCV  
  59  5:20  SCV  
  62  5:25  Command Center  
  62  5:32  SCV x2  
  62  5:35  Siege Tank  
  64  5:39  Viking x2  
  64  5:40  Marine  
  67  5:44  SCV x2, Engineering Bay  
  69  5:53  Marine  
  69  5:54  Barracks  
  70  5:58  Barracks  
  70  6:00  Supply Depot  
  70  6:01  Supply Depot  
  70  6:15  Terran Infantry Weapons Level 1  
  70  6:17  Factory Tech Lab  
  70  6:21  SCV x2, Marine x5  
  70  6:25  Medivac x2  
  81  6:33  SCV  
  81  6:34  SCV  
  81  6:36  Siege Tank  
  81  6:39  Orbital Command, Marine x3  
  89  6:45  SCV, Marine x2  
  93  6:48  Supply Depot, Barracks Reactor x2  
  93  6:49  SCV  
  93  6:55  Supply Depot  
  93  6:56  Supply Depot x2  
  93  6:57  Supply Depot, SCV  
  93  6:59  Factory  
  95  7:01  SCV  
  95  7:07  Medivac  
  97  7:08  Siege Tank  
  97  7:10  SCV x2  
  97  7:11  Marine x2  
  97  7:13  SCV  
  105  7:18  Medivac  
  105  7:19  Marine x2  
  105  7:20  Marine  
  105  7:22  SCV  
  111  7:25  Combat Shields  
  111  7:26  Marine x2  
  111  7:28  SCV  
  114  7:30  Marine  
  114  7:31  Marine  
  114  7:34  SCV  
  114  7:35  Marine x2  
  119  7:37  Marine  
  119  7:44  SCV  
  113  7:45  Siege Tank  
  101  7:54  Marine x2, Medivac x2  
  101  7:55  Marine x6  
  101  7:56  Marine  
  110  8:04  Factory Tech Lab  
  110  8:12  Marine x3  
  111  8:13  Marine x4  
  111  8:16  Command Center, Marine  
  111  8:17  Marine  
  119  8:24  Medivac x2  
  123  8:29  Siege Tank  
  123  8:30  Siege Tank, Marine x2  
  130  8:36  Marine x2  
  130  8:37  Marine x3  
  134  8:42  Marine x2  
  134  8:48  Marine  
  135  8:49  Marine  
  135  8:54  Marine  
  133  9:03  SCV  
Show
View Real Time Build Order
Export as new Build Order

RepMeaSt Terran 

Build Orders: Reaper Expand 

Get SALT Encoding   

  12  0:01  SCV  
  13  0:13  SCV  
  14  0:17  Supply Depot  
  14  0:25  SCV  
  14  0:28  Refinery  
  15  0:38  SCV  
  16  0:45  Barracks  
  16  0:50  SCV  
  17  1:03  SCV  
  18  1:15  SCV  
  19  1:31  Orbital Command  
  19  1:32  Reaper  
  20  1:49  Command Center  
  20  1:58  SCV  
  20  2:01  Factory  
  21  2:06  Barracks Reactor  
  21  2:12  Supply Depot  
  21  2:13  SCV  
  22  2:20  Refinery  
  22  2:25  SCV  
  23  2:37  SCV  
  23  2:42  Marine x2  
  26  2:45  Hellion  
  26  2:51  SCV, Starport  
  26  3:00  Marine  
  26  3:01  Marine  
  28  3:08  Factory Tech Lab  
  28  3:09  SCV  
  28  3:14  Orbital Command  
  28  3:21  SCV  
  29  3:38  Raven  
  29  3:39  Marine x2  
  29  3:40  SCV  
  29  3:41  SCV  
  35  3:52  SCV  
  35  3:53  SCV  
  36  3:58  Marine x2  
  38  4:04  SCV  
  39  4:11  SCV  
  39  4:17  SCV  
  41  4:18  Bunker  
  41  4:21  Command Center  
  41  4:22  Supply Depot  
  41  4:26  SCV  
  41  4:31  Siege Tank  
  45  4:37  SCV  
  46  4:41  Supply Depot  
  46  4:43  Viking  
  48  4:46  Barracks Tech Lab  
  48  4:48  Viking  
  48  4:53  SCV  
  43  5:05  SCV  
  44  5:08  Siege Tank  
  44  5:10  Marine  
  44  5:11  SCV  
  45  5:16  Viking  
  46  5:22  SCV  
  47  5:31  SCV  
  45  5:35  SCV  
  45  5:39  Orbital Command  
  46  5:43  SCV  
  46  5:48  SCV  
  48  5:53  Viking x2  
  48  5:56  SCV  
  53  6:00  SCV, Marine  
  53  6:02  Stimpack  
  55  6:05  SCV  
  55  6:08  SCV  
  57  6:12  SCV  
  57  6:13  Refinery  
  58  6:20  Barracks  
  58  6:21  Barracks, Marine  
  58  6:23  SCV  
  60  6:26  SCV, Medivac  
  60  6:28  SCV  
  64  6:35  SCV  
  64  6:37  Refinery  
  64  6:38  Supply Depot, SCV  
  64  6:39  Engineering Bay, Marine  
  67  6:42  SCV  
  67  6:46  Siege Tank  
  71  6:49  SCV  
  71  6:50  SCV  
  73  6:59  Medivac  
  73  7:00  Barracks  
  73  7:01  Barracks  
  75  7:03  SCV x2  
  75  7:04  Marine  
  78  7:11  Barracks Reactor  
  78  7:12  Barracks Reactor  
  78  7:14  SCV  
  78  7:15  SCV  
  80  7:18  SCV  
  80  7:22  Marine  
  82  7:26  SCV  
  83  7:37  Siege Tank  
  83  7:40  Marine  
  79  7:49  SCV  
  75  7:53  SCV  
  75  7:57  Marine  
  77  7:59  Marine x4  
  77  8:02  Medivac  
  85  8:07  Supply Depot, Barracks Reactor x2, Medivac  
  85  8:08  Supply Depot, Engineering Bay  
  85  8:09  SCV  
  85  8:10  Supply Depot  
  85  8:11  Orbital Command  
  86  8:15  Marine  
  86  8:17  Marine x4  
  86  8:19  SCV  
  92  8:21  SCV  
  92  8:32  SCV  
  92  8:33  SCV, Marine  
  95  8:35  Marine x4  
  95  8:37  Sensor Tower  
  97  8:49  SCV  
  97  8:51  Marine  
  97  8:53  Marine x3  
  101  8:59  Marine  

Tags
 
Add a new tag
Caveats
  • Supply blocks, unpowered buildings, or Contaminate may cause inaccurate times.
  • Supply counts are checked every 10 seconds.